[Event "Late-Titled-Tuesday-Blitz-October-17-2023"]
[Site "Chess.com"]
[Date "2023.10.17"]
[Round "10"]
[White "Kale36"]
[Black "amanmuhammethommadov"]
[Result "1-0"]
[WhiteElo "2349"]
[BlackElo "2525"]
[TimeControl "180+1"]
[EndTime "15:46:30 PDT"]
[Termination "Kale36 won by resignation"]

1. b3 e5 2. Bb2 Nc6 3. e3 Nf6 4. Bb5 Qe7 5. Ba3 d6 6. d4 exd4 7. Qxd4 g6 8. Nc3 Bd7 9. Bxc6 Bxc6 10. Nf3 Bg7 11. Bb2 O-O 12. O-O-O Qe4 13. Nxe4 1-0

[Event "Late-Titled-Tuesday-Blitz-October-17-2023"]
[Site "Chess.com"]
[Date "2023.10.17"]
[Round "10"]
[White "AradNazari"]
[Black "GM_dmitrij"]
[Result "1-0"]
[WhiteElo "2927"]
[BlackElo "3019"]
[TimeControl "180+1"]
[EndTime "15:46:55 PDT"]
[Termination "AradNazari won by resignation"]

1. e4 c6 2. Nf3 d5 3. Nc3 dxe4 4. Nxe4 Nf6 5. Qe2 Nxe4 6. Qxe4 Nd7 7. Bc4 Nf6 8. Ne5 e6 9. Qe2 b5 10. Bd3 Qc7 11.
a4 b4 12. Nxc6 Bd6 13. Nd4 a6 14. Nf5 O-O 15. Nxd6 Qxd6 16. O-O Bb7 17. Re1 Nd5 18. Qe5 Qc6 19. b3 Rae8 20. Bb2 f6 21.
Qg3 e5 22. Be4 Qd7 23. d4 Qf5 24. Bxf5 1-0

[Event "Late-Titled-Tuesday-Blitz-October-17-2023"]
[Site "Chess.com"]
[Date "2023.10.17"]
[Round "10"]
[White "DawidCzerw"]
[Black "KorolDimitriy75"]
[Result "1-0"]
[WhiteElo "2516"]
[BlackElo "2324"]
[TimeControl "180+1"]
[EndTime "15:47:47 PDT"]
[Termination "DawidCzerw won on time"]

1. e4 c5 2. Nf3 d6 3. d4 cxd4 4. Nxd4 Nf6 5. Nc3 g6 6. h4 Nc6 7. h5 Nxh5 8. Be2 Nf6 9. Be3 Bg7 10. Qd2 Nxd4 11. Bxd4 O-O 12. O-O-O Be6 13. g4 Qa5 14. g5 Nd7 15. Bxg7 Kxg7 16. f4 Bxa2 17. Bd3 Rac8 18. Rxh7+ Kxh7 19. Qh2+ Kg8 20. Rh1 1-0

[Event "Late-Titled-Tuesday-Blitz-October-17-2023"]
[Site "Chess.com"]
[Date "2023.10.17"]
[Round "10"]
[White "expii"]
[Black "Elbebiber"]
[Result "1/2-1/2"]
[WhiteElo "2240"]
[BlackElo "2132"]
[TimeControl "180+1"]
[EndTime "15:47:48 PDT"]
[Termination "Game drawn by repetition"]

1. e4 d5 2. exd5 Nf6 3. d4 Nxd5 4. c4 Nb6 5. Nf3 Bg4 6. Be2 e6 7. O-O Nc6 8. Be3 Be7 9. Nc3 Bxf3 10. Bxf3 Nxc4 11.
Bxc6+ bxc6 12. Qa4 Nb6 13. Qxc6+ Qd7 14. Qxd7+ Kxd7 15. b3 Nd5 16. Nxd5 exd5 17. Rac1 Bd6 18. Rfd1 Rhe8 19.
Rc2 a5 20. a4 Rab8 21. Rd3 Rb7 22. g3 Reb8 23. Rcc3 Bb4 24. Rc2 Bd6 25. Rcc3 Bb4 26. Rc2 Bd6 1/2-1/2

[Event "Late-Titled-Tuesday-Blitz-October-17-2023"]
[Site "Chess.com"]
[Date "2023.10.17"]
[Round "10"]
[White "LogoCzar"]
[Black "AlexNovitz"]
[Result "1-0"]
[WhiteElo "2403"]
[BlackElo "2229"]
[TimeControl "180+1"]
[EndTime "15:48:06 PDT"]
[Termination "LogoCzar won by resignation"]

1. e4 e6 2. d4 d5 3. Nc3 Nf6 4. e5 Nfd7 5. f4 c5 6. Nf3 Nc6 7. Ne2 b5 8. c3 Qb6 9. Be3 a5 10. f5 cxd4 11. cxd4 Ndxe5 12. Nxe5 Nxe5 13. fxe6 Bxe6 14. Nf4 Nc4 15. Bxc4 bxc4 16. O-O Be7 17. Qa4+ Bd7 18. Nxd5 Qb7 19. Qxc4 Rc8 20. Qb3 Bb5 21. Nxe7 Kxe7 22.
Rxf7+ 1-0

[Event "Late-Titled-Tuesday-Blitz-October-17-2023"]
[Site "Chess.com"]
[Date "2023.10.17"]
[Round "10"]
[White "zverr1"]
[Black "Maksimus1998"]
[Result "1-0"]
[WhiteElo "2523"]
[BlackElo "2608"]
[TimeControl "180+1"]
[EndTime "15:48:09 PDT"]
[Termination "zverr1 won by resignation"]

1. e4 c5 2. Nf3 e6 3. b3 b6 4.
Bb2 Bb7 5. Qe2 Nf6 6. e5 Nd5 7. g3 Be7 8. Bg2 O-O 9. O-O Nc6 10.
c4 Nc7 11. d4 cxd4 12. Nxd4 Qc8 13. Nxc6 dxc6 14. Nc3 c5 15. Ne4 Na6 16. Rad1 Qc7 17.
Nf6+ Bxf6 18. exf6 Bxg2 19. Qg4 g6 20. Qg5 Kh8 21.
Kxg2 Nb4 22. Rfe1 Nc6 23. Re4 Nd4 24. Bxd4 Qc6 25. f3 cxd4 26. Qh6 1-0

[Event "Late-Titled-Tuesday-Blitz-October-17-2023"]
[Site "Chess.com"]
[Date "2023.10.17"]
[Round "10"]
[White "GoltsevDmitry2000"]
[Black "Smiechu"]
[Result "1-0"]
[WhiteElo "2651"]
[BlackElo "2515"]
[TimeControl "180+1"]
[EndTime "15:48:44 PDT"]
[Termination "GoltsevDmitry2000 won by resignation"]

1. e4 c5 2. Nf3 g6 3. d4 cxd4 4.
Qxd4 Nf6 5. Nc3 Nc6 6. Qa4 d6 7.
e5 dxe5 8. Nxe5 Bd7 9. Nxd7 Nxd7 10. Bb5 Bg7 11. O-O O-O 12. Bg5 Nb6 13. Qh4 Re8 14. Rad1 Qc7 15. Rfe1 f6 16. Be3 e6 17. Ne4 Nd5 18.
Bh6 Bxh6 19. Qxh6 Qg7 20. Qxg7+ Kxg7 21. Nd6 Red8 22. Nxb7 Rdc8 23. Rxe6 Nce7 24. c4 Kf7 25. cxd5 Nxd5 26. Ree1 1-0

[Event "Late-Titled-Tuesday-Blitz-October-17-2023"]
[Site "Chess.com"]
[Date "2023.10.17"]
[Round "10"]
[White "elprimo2012mortis"]
[Black "dosto07"]
[Result "1-0"]
[WhiteElo "2703"]
[BlackElo "2520"]
[TimeControl "180+1"]
[EndTime "15:48:49 PDT"]
[Termination "elprimo2012mortis won by resignation"]

1. e4 e5 2. Bc4 Nc6 3. Nc3 Nf6 4. d3 Bc5 5. f4 exf4 6. Bxf4 d6 7. Nf3 Nd4 8. Qd2 c6 9. Nxd4 Bxd4 10.
O-O-O O-O 11. Rdf1 d5 12. exd5 Nxd5 13. Nxd5 cxd5 14.
Bb3 Be6 15. c3 Bf6 16. g4 Bxg4 17. Rhg1 Bf5 18. Bg5 Bxg5 19. Rxg5 Be6 20. d4 Rc8 21. Bc2 b5 22. Rxg7+ Kxg7 23. Rg1+ Kh8 24. Qh6 1-0

[Event "Late-Titled-Tuesday-Blitz-October-17-2023"]
[Site "Chess.com"]
[Date "2023.10.17"]
[Round "10"]
[White "FuenfgegenWilly"]
[Black "Rodalquilar"]
[Result "0-1"]
[WhiteElo "2406"]
[BlackElo "2763"]
[TimeControl "180+1"]
[EndTime "15:48:52 PDT"]
[Termination "Rodalquilar won by checkmate"]

1. Nf3 d5 2. b3 Bf5 3. Bb2 e6 4. e3 Nf6 5. d4 Nbd7 6. Bd3 Bd6 7. Ne5 c6 8. Nd2 Qc7 9. Ndf3 Ne4 10. Nxd7 Bb4+ 11.
Kf1 Qxd7 12. Ne5 Qc7 13. a3 Bd6 14. f3 f6 15. fxe4 dxe4 16. g4 fxe5 17. Bc4 Bg6 18. Kg2 O-O-O 19. Bxe6+ Kb8 20. Qe2 h5 21. g5 Qe7 22. Qc4 Qxg5+ 23. Kh3 Bf5+ 24. Bxf5 Qxf5+ 25. Kg2 Qf3+ 26. Kg1 Rhf8 27. Rf1 Qg4# 0-1

[Event "Late-Titled-Tuesday-Blitz-October-17-2023"]
[Site "Chess.com"]
[Date "2023.10.17"]
[Round "10"]
[White "Hirna2005"]
[Black "Lion_DL"]
[Result "1-0"]
[WhiteElo "2343"]
[BlackElo "2434"]
[TimeControl "180+1"]
[EndTime "15:49:00 PDT"]
[Termination "Hirna2005 won by resignation"]

1. e4 c6 2. Nc3 d5 3. Nf3 dxe4 4. Nxe4 Nf6 5. Qe2 Nxe4 6. Qxe4 Qd5 7. Qf4 Qf5 8. Qh4 e5 9. Bd3 Qf6 10. Qxf6 gxf6 11.
O-O Be6 12. Re1 Nd7 13. Bf1 Bc5 14. c3 O-O-O 15. d4 exd4 16. Nxd4 Bd5 17. Bf4 Rhe8 18. Rad1 Ne5 19. Nf5 Bxa2 20. b4 Rxd1 21. Rxd1 Be6 22. Ng7 Bxf2+ 23. Kxf2 Rg8 24. Bxe5 Bg4 25. Rd4 Rxg7 26.
Bxf6 Rg6 27. Rf4 Be6 28. Bd3 Rh6 29. h4 Kd7 30. g4 1-0

[Event "Late-Titled-Tuesday-Blitz-October-17-2023"]
[Site "Chess.com"]
[Date "2023.10.17"]
[Round "10"]
[White "acertijo08"]
[Black "arminmusovic"]
[Result "1-0"]
[WhiteElo "2356"]
[BlackElo "2449"]
[TimeControl "180+1"]
[EndTime "15:49:09 PDT"]
[Termination "acertijo08 won by resignation"]

1. e4 c5 2. Nf3 Nf6 3. Nc3 e6 4. d4 cxd4 5. Nxd4 Bb4 6. e5 Qa5 7. exf6 Bxc3+ 8. bxc3 Qxc3+ 9. Qd2 Qxa1 10. fxg7 Rg8 11.
c3 Rxg7 12. Nb3 Qxc1+ 13. Qxc1 Nc6 14. Bd3 d6 15. O-O Bd7 16. Qh6 Kf8 17. Bxh7 Ne5 18. Be4 Ng4 19. Qh8+ Rg8 20. Qd4 d5 21. Qb4+ Ke8 22.
Qxb7 Rc8 23. Bf3 Ne5 24. Be2 Rxc3 25. Rc1 Rxc1+ 26. Nxc1 Ke7 27. f4 Nc6 28. Nb3 Rb8 29. Qc7 Rc8 30. Qb7 Rb8 31. Qa6 Rb6 32. Qa3+ Ke8 33.
h4 Rb4 34. g3 Re4 35. Bf3 Re3 36. Kf2 Rc3 37. h5 e5 38. Bxd5 exf4 39. gxf4 Rh3 40.
Qd6 Ne7 41. Bxf7+ Kxf7 42. Qxd7 Rh2+ 43. Kg1 Rxh5 44. Nd4 Rh6 45. Nf5 Rg6+ 46. Kf1 Re6 47. Qxa7 Kf6 48. Nxe7 Re1+ 1-0

[Event "Late-Titled-Tuesday-Blitz-October-17-2023"]
[Site "Chess.com"]
[Date "2023.10.17"]
[Round "10"]
[White "miraitrunks"]
[Black "SEBAZZANO"]
[Result "1/2-1/2"]
[WhiteElo "2206"]
[BlackElo "2269"]
[TimeControl "180+1"]
[EndTime "15:49:25 PDT"]
[Termination "Game drawn by repetition"]

1. e4 e6 2. Nc3 d5 3. Nf3 dxe4 4. Nxe4 Bd7 5. Bc4 Bc6 6. Ng3 Nd7 7. Qe2 Ngf6 8. O-O Bxf3 9. Qxf3 c6 10. Re1 Be7 11. d4 O-O 12. Ne4 Nxe4 13. Rxe4 Nf6 14. Rh4 g6 15.
Bg5 Nd5 16. Bxe7 Qxe7 17. Re4 Qb4 18. Bb3 Rfd8 19. c3 Qd6 20. Rae1 Kg7 21. h4 h5 22. g4 hxg4 23. Rxg4 Rh8 24. Re5 f5 25. Bxd5 fxg4 26. Qxg4 exd5 27. Re6 Qxe6 28. Qxe6 Raf8 29. Qe5+ Kg8 30.
Qe6+ Kg7 31. Qe5+ Kg8 32. Qe6+ Kg7 1/2-1/2

[Event "Late-Titled-Tuesday-Blitz-October-17-2023"]
[Site "Chess.com"]
[Date "2023.10.17"]
[Round "10"]
[White "azikom"]
[Black "wgraif"]
[Result "0-1"]
[WhiteElo "2600"]
[BlackElo "2519"]
[TimeControl "180+1"]
[EndTime "15:49:32 PDT"]
[Termination "wgraif won by resignation"]

1. d4 Nf6 2. c4 e6 3. Nc3 Bb4 4. Qc2 O-O 5. a3 Bxc3+ 6. Qxc3 Ne4 7. Qc2 f5 8. f3 Qh4+ 9. g3 Nxg3 10. hxg3 Qxh1 11. Kf2 Qh5 12. Nh3 Nc6 13. e3 d6 14.
Bg2 e5 15. d5 Ne7 16. Bd2 f4 17. Rh1 fxg3+ 18. Kxg3 Nf5+ 19. Kf2 Nh4 20. Ng1 Qg5 21. Bf1 Bg4 22. Be2 e4 23. Qxe4 Rae8 24. Qd4 Bxf3 25. Bxf3 Qg2+ 26. Ke1 Nxf3+ 0-1

[Event "Late-Titled-Tuesday-Blitz-October-17-2023"]
[Site "Chess.com"]
[Date "2023.10.17"]
[Round "10"]
[White "gahryman"]
[Black "ckgchess"]
[Result "0-1"]
[WhiteElo "2679"]
[BlackElo "2873"]
[TimeControl "180+1"]
[EndTime "15:49:36 PDT"]
[Termination "ckgchess won by resignation"]

1. e4 e5 2. Nf3 Nf6 3. Nxe5 d5 4. exd5 Qxd5 5. d4 Nc6 6. Nxc6 Qxc6 7. Nc3 Bb4 8. Qe2+ Ne4 9. Bd2 Bxc3 10. Bxc3 O-O 11. Qc4 Qg6 12. Bd3 Qxg2 13. O-O-O Qg5+ 14. Kb1 Be6 15. Qb4 a5 16. Qa3 Nxf2 17. Rhg1 Qd5 18. Rd2 Nxd3 19. Rxd3 b5 20. Rdg3 g6 21. Qe7 b4 22. Bd2 Qxa2+ 0-1

[Event "Late-Titled-Tuesday-Blitz-October-17-2023"]
[Site "Chess.com"]
[Date "2023.10.17"]
[Round "10"]
[White "Yushko_Olga"]
[Black "santosalberto1987"]
[Result "0-1"]
[WhiteElo "2183"]
[BlackElo "2408"]
[TimeControl "180+1"]
[EndTime "15:49:44 PDT"]
[Termination "santosalberto1987 won by resignation"]

1. d4 d5 2. c4 c6 3. cxd5 cxd5 4. Nc3 Nf6 5. Nf3 Nc6 6. Bf4 Bf5 7. e3 e6 8. Bd3 Bxd3 9. Qxd3 Be7 10. O-O O-O 11.
Rac1 Rc8 12. a3 Na5 13. e4 dxe4 14. Nxe4 Rxc1 15. Rxc1 Nc6 16. h3 Nxe4 17. Qxe4 Bf6 18. Rd1 Qd5 19. Qxd5 exd5 20. Re1 Nxd4 21. Nxd4 Bxd4 22.
b4 Bf6 23. Bd6 Rd8 24. Bc7 Rc8 25. b5 h6 26. b6 axb6 27. Bxb6 Rc3 28. a4 Rc6 29.
Rb1 d4 30. a5 d3 31. Rd1 Rd6 32. Kf1 Bc3 33. Rb1 f5 34. Bc7 Rd7 35. Bb6 d2 36.
Rd1 f4 37. Ke2 Re7+ 38. Kd3 Re1 39. Kc2 Kf7 40. Bc7 g5 41. h4 Ke6 42. hxg5 hxg5 43. Bd8 Kf5 44. Bc7 g4 45. Bd8 f3 46. gxf3 gxf3 47.
Bb6 Ke4 48. Rb1 Rxb1 0-1

[Event "Late-Titled-Tuesday-Blitz-October-17-2023"]
[Site "Chess.com"]
[Date "2023.10.17"]
[Round "10"]
[White "dianamirza"]
[Black "maurovargas01"]
[Result "1-0"]
[WhiteElo "1998"]
[BlackElo "1895"]
[TimeControl "180+1"]
[EndTime "15:49:49 PDT"]
[Termination "dianamirza won by checkmate"]

1. d4 d5 2. Nf3 c6 3. c4 e6 4. e3 Nf6 5. Bd3 Nbd7 6. Nbd2 Bd6 7. b3 O-O 8. Bb2 dxc4 9. bxc4 b6 10. Ne5 Qc7 11. f4 Bb7 12. O-O c5 13. g4 cxd4 14. exd4 Rad8 15. g5 Ne8 16. Ndf3 f6 17. gxf6 gxf6 18. Ng5 fxg5 19. Bxh7+ Kxh7 20. Qh5+ Kg8 21. Qg6+ Ng7 22. Ng4 Qc6 23. d5 exd5 24. Qxg7# 1-0

[Event "Late-Titled-Tuesday-Blitz-October-17-2023"]
[Site "Chess.com"]
[Date "2023.10.17"]
[Round "10"]
[White "KNVB"]
[Black "Noki102"]
[Result "1-0"]
[WhiteElo "2610"]
[BlackElo "2437"]
[TimeControl "180+1"]
[EndTime "15:49:53 PDT"]
[Termination "KNVB won by resignation"]

1. d4 d5 2. Nc3 Bf5 3. f3 e6 4. e4 dxe4 5. fxe4 Bb4 6. exf5 Qh4+ 7.
Ke2 Bxc3 8. bxc3 Nf6 9. Nf3 Qe4+ 10. Kf2 Ng4+ 11. Kg1 O-O 12. Bd3 Qc6 13. h3 Nf6 14.
fxe6 fxe6 15. Qe1 Nbd7 16. Bd2 Nh5 17. Ng5 Rf6 18. Qe4 Qd6 19. Qxh7+ Kf8 20. Qxh5 Qg3 21. Nh7+ Ke7 22. Nxf6 Nxf6 23. Qe5 Qh2+ 1-0

[Event "Late-Titled-Tuesday-Blitz-October-17-2023"]
[Site "Chess.com"]
[Date "2023.10.17"]
[Round "10"]
[White "ozates"]
[Black "wild3000"]
[Result "0-1"]
[WhiteElo "2704"]
[BlackElo "2466"]
[TimeControl "180+1"]
[EndTime "15:49:55 PDT"]
[Termination "wild3000 won by resignation"]

1. e4 a6 2. d4 e6 3. Bd3 d5 4. e5 c5 5. c3 Nc6 6. Nf3 Nge7 7. O-O Nf5 8. Bxf5 exf5 9. Re1 Be6 10. Nbd2 cxd4 11.
cxd4 Be7 12. a3 O-O 13. b4 Rc8 14. Nb3 b6 15. Qd3 Nb8 16. g3 Qc7 17. Bg5 Bxg5 18.
Nxg5 Qc4 19. Rad1 Qxd3 20. Rxd3 Rc2 21. a4 Rc4 22. a5 Rxb4 23. axb6 Rxb6 24. Nc5 h6 25.
Nh3 Nd7 26. Nxd7 Bxd7 27. Nf4 Be6 28. Ra1 Ra8 29. Ra5 Rd8 30. Rda3 Bc8 31. Nxd5 Rb1+ 32. Kg2 Bb7 33. Kh3 Rxd5 34. Rxd5 Bxd5 35. Rxa6 Rd1 36. Ra4 g5 37. Rb4 Rd2 38. Rb6 Kg7 0-1

[Event "Late-Titled-Tuesday-Blitz-October-17-2023"]
[Site "Chess.com"]
[Date "2023.10.17"]
[Round "10"]
[White "micke12a"]
[Black "scandalgod"]
[Result "0-1"]
[WhiteElo "2376"]
[BlackElo "2498"]
[TimeControl "180+1"]
[EndTime "15:49:55 PDT"]
[Termination "scandalgod won by checkmate"]

1. d4 d5 2. Nf3 Nf6 3. c4 c6 4. Nc3 dxc4 5. a4 Bf5 6. e3 e6 7. Bxc4 Bb4 8. O-O O-O 9. Ne5 Nbd7 10. Nxd7 Qxd7 11. Bd3 Rfe8 12. Bxf5 exf5 13. Bd2 Qe7 14. Qb3 Bd6 15. f3 Rad8 16. Rfe1 Qc7 17. f4 h6 18. Rac1 Qe7 19. Re2 Rd7 20. Nd1 Bxf4 21. Nf2 Bd6 22.
Nd3 Ne4 23. Rce1 Qg5 24. Nf2 Re6 25. Nxe4 fxe4 26. Bb4 Bb8 27. Rf2 Rg6 28. Qc2 Qh4 29.
g3 Rd5 30. Kf1 Qg4 31. Qe2 Qh3+ 32. Kg1 Rh5 33. Qf1 Bxg3 34. hxg3 Qh1# 0-1

[Event "Late-Titled-Tuesday-Blitz-October-17-2023"]
[Site "Chess.com"]
[Date "2023.10.17"]
[Round "10"]
[White "SereneSalmon"]
[Black "zajka-molotok"]
[Result "0-1"]
[WhiteElo "2444"]
[BlackElo "2566"]
[TimeControl "180+1"]
[EndTime "15:49:57 PDT"]
[Termination "zajka-molotok won by checkmate"]

1. d4 Nf6 2. c4 e6 3. Nf3 c5 4. d5 d6 5. Nc3 exd5 6. cxd5 g6 7. e4 Bg7 8. Be2 Bg4 9. Bf4 O-O 10. Nd2 Bxe2 11.
Qxe2 Re8 12. O-O Na6 13. Nc4 Bf8 14. Qf3 Nc7 15. Rfe1 b5 16. Nxd6 Bxd6 17. e5 Qe7 18. h3 b4 19. exd6 Qxe1+ 20. Rxe1 Rxe1+ 21. Kh2 bxc3 22. dxc7 cxb2 23. d6 Rae8 24. Bh6 Nh5 25. d7 b1=Q 26.
c8=Q Rh1# 0-1

[Event "Late-Titled-Tuesday-Blitz-October-17-2023"]
[Site "Chess.com"]
[Date "2023.10.17"]
[Round "10"]
[White "Levanzovsky"]
[Black "NateSolon"]
[Result "0-1"]
[WhiteElo "2450"]
[BlackElo "2624"]
[TimeControl "180+1"]
[EndTime "15:49:58 PDT"]
[Termination "NateSolon won by resignation"]

1. e4 c5 2. Nf3 Nf6 3. d3 Nc6 4. g3 d6 5. Bg2 Bg4 6. h3 Bh5 7. c3 e6 8. O-O Be7 9. Be3 O-O 10.
Nbd2 d5 11. exd5 Nxd5 12. Ne4 Nxe3 13. fxe3 Qb6 14. Qb3 Rad8 15. Rfd1 Qc7 16. g4 Bg6 17. Ne1 h5 18. d4 hxg4 19. hxg4 Bxe4 20. Bxe4 Qg3+ 21.
Bg2 Qxe3+ 22. Kh1 g6 23. Rd3 Qg5 24. Rad1 cxd4 25. cxd4 Na5 26. Qa4 Kg7 27. Nf3 Qh6+ 28. Kg1 Nc6 29. Qb5 Rd7 30. Ne5 Nxe5 31. dxe5 Rxd3 32.
Qxd3 Qf4 33. Qe4 Bc5+ 34. Kh1 Rh8+ 0-1

[Event "Late-Titled-Tuesday-Blitz-October-17-2023"]
[Site "Chess.com"]
[Date "2023.10.17"]
[Round "10"]
[White "Binary010"]
[Black "JSlaby"]
[Result "1/2-1/2"]
[WhiteElo "2792"]
[BlackElo "2597"]
[TimeControl "180+1"]
[EndTime "15:50:01 PDT"]
[Termination "Game drawn by repetition"]

1. e4 c5 2. Nf3 d6 3. d4 cxd4 4.
Nxd4 Nf6 5. Nc3 g6 6. Be3 Bg7 7. f3 Nc6 8. Qd2 O-O 9. O-O-O Nxd4 10. Bxd4 Be6 11. Kb1 Qc7 12. h4 Rfc8 13. h5 Qa5 14. a3 b5 15. hxg6 hxg6 16. g4 b4 17. Nd5 Bxd5 18.
exd5 Rab8 19. g5 Nxd5 20. Bxg7 Nc3+ 21. Ka1 bxa3 22. bxc3 Kxg7 23. c4 Rb1+ 24. Ka2 Rb2+ 25. Ka1 Rb1+ 26. Ka2 Rb2+ 27. Ka1 Rb1+ 1/2-1/2

[Event "Late-Titled-Tuesday-Blitz-October-17-2023"]
[Site "Chess.com"]
[Date "2023.10.17"]
[Round "10"]
[White "BardArtem"]
[Black "MKlose11"]
[Result "1-0"]
[WhiteElo "2770"]
[BlackElo "2649"]
[TimeControl "180+1"]
[EndTime "15:50:06 PDT"]
[Termination "BardArtem won by resignation"]

1. e4 e6 2. d4 d5 3. Nc3 Bb4 4. Ne2 dxe4 5. a3 Bxc3+ 6. Nxc3 Nc6 7. Bf4 Nf6 8. Bb5 Bd7 9. d5 exd5 10. Nxd5 O-O 11.
Bg5 Bg4 12. Bxf6 Bxd1 13. Bxd8 Bxc2 14. Bxc7 Nd4 15. Rc1 Bb3 16. Ne7+ Kh8 17. Bd7 f5 18. Be5 Nc2+ 19. Rxc2 Bxc2 20. Nxf5 Rf7 21. Be6 Re8 22. Bxf7 Rxe5 23. Ne3 Bd3 24. Kd2 Rb5 25. b4 a5 26.
Rc1 g6 27. Rc5 1-0

[Event "Late-Titled-Tuesday-Blitz-October-17-2023"]
[Site "Chess.com"]
[Date "2023.10.17"]
[Round "10"]
[White "Qvalda"]
[Black "kai_nov"]
[Result "0-1"]
[WhiteElo "2378"]
[BlackElo "2286"]
[TimeControl "180+1"]
[EndTime "15:50:06 PDT"]
[Termination "kai_nov won by resignation"]

1. Nf3 d5 2. g3 Nf6 3. Bg2 c6 4. O-O Bg4 5. c4 Nbd7 6. d4 e6 7.
h3 Bh5 8. cxd5 exd5 9. g4 Bg6 10.
Ne5 Bd6 11. f4 Be4 12. Nc3 Bxg2 13. Kxg2 Qe7 14. Qb3 O-O-O 15. Bd2 Ne8 16. Rfc1 Nc7 17. a4 f6 18. Nxd5 cxd5 19. e3 fxe5 20. fxe5 Nxe5 21. dxe5 Qxe5 22. Ba5 Qh2+ 23. Kf1 Rhf8+ 24. Ke1 Rf2 25.
Qd3 Qg1+ 0-1

[Event "Late-Titled-Tuesday-Blitz-October-17-2023"]
[Site "Chess.com"]
[Date "2023.10.17"]
[Round "10"]
[White "krzyzan94"]
[Black "MikaelyanArman"]
[Result "0-1"]
[WhiteElo "2780"]
[BlackElo "2901"]
[TimeControl "180+1"]
[EndTime "15:50:07 PDT"]
[Termination "MikaelyanArman won on time"]

1. Nf3 d5 2. g3 Nf6 3. Bg2 g6 4.
O-O Bg7 5. b4 Ne4 6. d4 a5 7. b5 c5 8. bxc6 Nxc6 9. e3 O-O 10. Ba3 b5 11. Nfd2 Nf6 12. Bb2 Bf5 13. Re1 Rc8 14. c3 e5 15. Nb3 Ne4 16. N1d2 a4 17.
Nxe4 axb3 18. Nc5 exd4 19. cxd4 bxa2 20. Qb3 Na5 21. Qxa2 Nc4 22. Bc3 Rxc5 23. Bb4 Rc8 24.
Bxf8 Bxf8 25. Qa6 b4 26. Qb7 Be6 27. Reb1 Rb8 28. Qa6 b3 29. Bf1 b2 30. Ra2 Bf5 31. e4 Bxe4 32. Bxc4 Bxb1 33. Ra5 Be4 0-1

[Event "Late-Titled-Tuesday-Blitz-October-17-2023"]
[Site "Chess.com"]
[Date "2023.10.17"]
[Round "10"]
[White "Laico"]
[Black "Nekoo04"]
[Result "1-0"]
[WhiteElo "2431"]
[BlackElo "2268"]
[TimeControl "180+1"]
[EndTime "15:50:09 PDT"]
[Termination "Laico won on time"]

1. e4 c5 2. Nc3 Nc6 3. f4 g6 4. Nf3 Bg7 5. Bb5 Nd4 6. O-O Nxb5 7. Nxb5 d6 8. d3 Nf6 9. Nc3 O-O 10. Qe1 Bg4 11. Qh4 Bxf3 12. Rxf3 Rb8 13. f5 e6 14. Bg5 h6 15. Bxh6 Nh5 16. Bg5 f6 17. fxg6 fxg5 18. Qxh5 Rxf3 19. Qxf3 Bd4+ 20. Kh1 Qf6 21. Qh5 Qh8 22. Qxg5 Be5 23. h3 Rf8 24. Qg4 Rf6 25. Ne2 Qh6 26. Kg1 Bxb2 27. Rb1 Rxg6 28.
Qf3 Rf6 29. Qg3+ Rg6 30. Qxd6 Bf6 31. Rxb7 1-0

[Event "Late-Titled-Tuesday-Blitz-October-17-2023"]
[Site "Chess.com"]
[Date "2023.10.17"]
[Round "10"]
[White "cthulhuuu"]
[Black "Chempiblinka"]
[Result "1-0"]
[WhiteElo "2419"]
[BlackElo "2310"]
[TimeControl "180+1"]
[EndTime "15:50:18 PDT"]
[Termination "cthulhuuu won by resignation"]

1. e4 c5 2. Nf3 Nc6 3. g3 g6 4.
Bg2 Bg7 5. O-O d6 6. d3 e5 7.
Nc3 Nge7 8. Nd2 O-O 9. Nc4 a6 10. a4 Rb8 11. a5 Be6 12. Nd5 Nd4 13. c3 Nb5 14. f4 Nc7 15. Ndb6 d5 16. Nxe5 f6 17.
Nf3 Nc6 18. Be3 d4 19. cxd4 cxd4 20. Bd2 Nb5 21. Rc1 Qe7 22. Re1 Rfd8 23. f5 Bf7 24. Bf4 Ne5 25. Nxe5 fxe5 26. Bd2 Qf6 27. fxg6 Qxg6 28.
Bh3 Be6 29. Bxe6+ Qxe6 30. Qh5 Rf8 31. Rf1 Qb3 32. Nd5 Qb4 33. Bxb4 1-0

[Event "Late-Titled-Tuesday-Blitz-October-17-2023"]
[Site "Chess.com"]
[Date "2023.10.17"]
[Round "10"]
[White "C_K_G"]
[Black "OLDTERMINATOR"]
[Result "1-0"]
[WhiteElo "1890"]
[BlackElo "1640"]
[TimeControl "180+1"]
[EndTime "15:50:18 PDT"]
[Termination "C_K_G won on time"]

1. e4 e6 2. Nf3 d5 3. Nc3 Nf6 4.
e5 Nfd7 5. d4 c5 6. Bg5 Qb6 7.
dxc5 Bxc5 8. Qd2 Qxb2 9. Rb1 Qa3 10. Nb5 Qxa2 11. Rc1 Na6 12. Bd3 Bb4 13. Nd6+ Kf8 14. c3 Qxd2+ 15. Bxd2 Bxd6 16. exd6 Nac5 17. Bc2 f6 18.
O-O Kf7 19. Rfe1 Nb6 20. Be3 Ncd7 21. Nd4 Nc4 22. Nb5 Nxe3 23. Rxe3 a6 24. Nc7 Ne5 25. Nxa8 Bd7 26. Nc7 Nc4 27. Ree1 Nxd6 28. Bb3 Rc8 29. Nxd5 exd5 30. Bxd5+ 1-0

[Event "Late-Titled-Tuesday-Blitz-October-17-2023"]
[Site "Chess.com"]
[Date "2023.10.17"]
[Round "10"]
[White "Sacbutt"]
[Black "szachmistrz2500"]
[Result "1-0"]
[WhiteElo "2253"]
[BlackElo "2408"]
[TimeControl "180+1"]
[EndTime "15:50:19 PDT"]
[Termination "Sacbutt won by checkmate"]

1. e4 c5 2. Nf3 e6 3. d4 cxd4 4. c3 dxc3 5. Nxc3 Nc6 6. Bc4 a6 7. O-O Nge7 8. Bg5 f6 9. Bh4 b5 10. Bb3 Ng6 11. Bg3 Be7 12. Qe2 Na5 13. Bc2 O-O 14. Rad1 Bb7 15. Nd4 Qb6 16. Kh1 Nc4 17. Bb3 Rac8 18. f4 Bc5 19. Nf3 Ne3 20. f5 Nxf1 21.
Rxf1 Ne7 22. Qd3 Rfd8 23. Nh4 d5 24. fxe6 dxe4 25. Qe2 Qc6 26. Nf5 e3 27. Rg1 Rd2 28.
Qg4 Nxf5 29. Qxf5 Qxg2+ 30. Rxg2 Bxg2+ 31. Kg1 e2+ 32. Qxc5 Rxc5 33. e7+ Kh8 34. e8=Q# 1-0

[Event "Late-Titled-Tuesday-Blitz-October-17-2023"]
[Site "Chess.com"]
[Date "2023.10.17"]
[Round "10"]
[White "UK_23"]
[Black "TheMagician"]
[Result "0-1"]
[WhiteElo "2383"]
[BlackElo "2227"]
[TimeControl "180+1"]
[EndTime "15:50:20 PDT"]
[Termination "TheMagician won by resignation"]

1. e4 c5 2. Nf3 e6 3. g3 a6 4. Bg2 Qc7 5. O-O Nf6 6. Qe2 d6 7. d4 cxd4 8. Nxd4 Nc6 9. Nxc6 bxc6 10. c4 e5 11. Nc3 Be7 12. b3 O-O 13. Rd1 Nd7 14.
Ba3 Nc5 15. Rac1 Ne6 16. Na4 c5 17. Bb2 Bd7 18. Nc3 Nd4 19. Qd3 Bc6 20. Nd5 Bxd5 21. cxd5 a5 22. Bxd4 exd4 23. Qxd4 cxd4 24. Rxc7 Bf6 25.
Rc6 Rfd8 26. f4 h6 27. Re1 a4 28. e5 Be7 29. Rd1 axb3 30. axb3 Ra3 31. Rxd4 Rxb3 32.
Rdc4 Rbb8 33. Rc7 Bf8 34. Kf2 Rb2+ 35. Rc2 Rxc2+ 36. Rxc2 g5 37. Rc6 gxf4 38. gxf4 Bg7 39. exd6 Bf8 40. Ke3 Bxd6 41. Be4 Kf8 42. h4 Ke7 43. h5 Ra8 44. Rb6 Bc5+ 0-1

[Event "Late-Titled-Tuesday-Blitz-October-17-2023"]
[Site "Chess.com"]
[Date "2023.10.17"]
[Round "10"]
[White "tylityli"]
[Black "SanchezKelvin"]
[Result "0-1"]
[WhiteElo "2328"]
[BlackElo "2561"]
[TimeControl "180+1"]
[EndTime "15:50:23 PDT"]
[Termination "SanchezKelvin won on time"]

1. d4 Nf6 2. c4 e6 3. Nc3 Bb4 4. e3 O-O 5. Ne2 c6 6. a3 Ba5 7.
b4 Bc7 8. f4 d5 9. c5 b6 10.
Bd2 Ba6 11. Ng3 bxc5 12. Bxa6 Nxa6 13. bxc5 Ba5 14. O-O Bxc3 15. Bxc3 Nc7 16. Ba5 Qd7 17. Rb1 Rfb8 18. Qd3 g6 19. h3 h5 20. Rxb8+ Rxb8 21. Rb1 Rxb1+ 22. Qxb1 Nce8 23. Qb8 Kg7 24. Bd8 Ne4 25.
Nxe4 dxe4 26. Qe5+ f6 27. Qxe4 Qxd8 28. Qxe6 Qa8 29. Qd7+ Kf8 30. e4 Qb8 31. e5 Qb1+ 32. Kh2 fxe5 33. fxe5 Qf5 34. Qd8 Qe6 35. a4 Qd5 0-1